 Dungeon Crawl Stone Soup version 0.19.4 (webtiles) character file.

482 Hoebsumo the Slasher (level 6, -12/53 HPs)
             Began as a Minotaur Fighter on Jan 31, 2017.
             Mangled by an ogre
             ... wielding a +0 giant club
              (19 damage)
             ... on level 4 of the Dungeon.
             The game lasted 00:25:11 (3147 turns).

Hoebsumo the Slasher (Minotaur Fighter)             Turns: 3147, Time: 00:25:12

Health: -12/53     AC: 16    Str: 23    XL:     6   Next: 87%
Magic:  5/5        EV:  6    Int:  5    God:
Gold:   233        SH: 10    Dex:  9    Spells: 0 memorised, 5 levels left

rFire  + . .     SeeInvis .     a - +2 long sword
rCold  . . .     Gourm    .     s - +0 chain mail (curse)
rNeg   . . .     Faith    .     c - +0 shield
rPois  .         Spirit   .     (helmet restricted)
rElec  .         Reflect  .     (no cloak)
rCorr  .         Harm     .     (no gloves)
MR     .....                    h - +2 pair of boots
Stlth  ..........               (no amulet)
                                r - +3 ring of protection
                                q - ring of protection from fire

@: no status effects
A: retaliatory headbutt, horns 2
a: no special abilities


You were on level 4 of the Dungeon.
You were not hungry.

You visited 1 branch of the dungeon, and saw 4 of its levels.

You collected 233 gold pieces.

Inventory:

Hand Weapons
 a - a +2 long sword (weapon)
 w - a +0 shortbow
Missiles
 j - 21 poisoned needles
 o - 50 stones (quivered)
 t - 46 arrows
 x - 33 bolts
Armour
 c - a +0 shield (worn)
 d - a +0 pair of gloves
 h - a +2 pair of boots (worn)
 n - a +0 ring mail
 s - a cursed +0 chain mail (worn)
Jewellery
 q - a ring of protection from fire (left hand)
 r - a +3 ring of protection (right hand)
 u - an uncursed ring of fire
Wands
 k - a wand of flame (36/48)
Scrolls
 g - a scroll of enchant armour
 l - a scroll of random uselessness {unknown}
 v - a scroll of amnesia {unknown}
Potions
 e - a potion of curing
 i - 2 potions of haste
 m - 2 potions of ambrosia
 p - 2 potions of flight
Comestibles
 b - a fruit
 f - 6 bread rations


   Skills:
 + Level 4.6 Fighting
 + Level 6.2 Long Blades
 + Level 5.0 Armour
 + Level 1.2 Dodging
 + Level 5.4 Shields


You had 5 spell levels left.
You didn't know any spells.

Dungeon Overview and Level Annotations

Branches:
Dungeon (4/15)             Temple (0/1) D:4

Altars:
Makhleb

Annotations:
D:4 Grinder


Innate Abilities, Weirdness & Mutations

You reflexively headbutt those who attack you in melee.
You have a pair of horns on your head.


Message History

You can move again.
You slash Grinder! Your headbutt misses Grinder.
Grinder is severely wounded.
Grinder gestures at you.
You shrug off the repeated paralysis!
You block the ogre's attack. Grinder hits you.
* * * LOW HITPOINT WARNING * * *
You closely miss Grinder. You headbutt Grinder.
Grinder is severely wounded.
You block the ogre's attack. Grinder hits you but does no damage.
You barely miss Grinder.
Grinder is severely wounded.
You block the ogre's attack. Grinder hits you but does no damage.
You slash Grinder! Your headbutt misses Grinder.
Grinder is almost dead.
Grinder hits you but does no damage. The ogre barely misses you.
Your shield and chain mail prevent you from hitting Grinder.
Grinder is almost dead.
You block Grinder's attack. The ogre hits you with a giant club!!
You die...

............... .............
..........# ..........#
..........# ......#
.........)# #.....#
..........#+### #.....#
..........O...# #.....#
..........5@..# #.....#
..............# #.....#
..............# #.....#
......#'##....# #.....#####
#......#>.#....# #..........
#......#..#....# #..........
.#......####....####..........
........#..#..................
........#..#...#.#..#####.....


You could see Grinder and an ogre.

Vanquished Creatures
  A centaur (D:3)
  A hound (D:3)
  An orc priest (D:3)
  Natasha (thrice) (D:2)
  A worker ant (D:4)
  9 gnolls
  6 adders
  An ooze (D:3)
  A worm (D:2)
  6 dart slugs
  A leopard gecko (D:2)
  3 orcs
  9 bats
  A giant cockroach (D:1)
  9 hobgoblins
  11 jackals
  4 frilled lizards
  9 goblins
  8 kobolds
  9 rats
94 creatures vanquished.

Notes
Turn   | Place    | Note
-------+----------+-------------------------------------------
     0 | D:1      | Hoebsumo the Minotaur Fighter began the quest for the Orb.
     0 | D:1      | Reached XP level 1. HP: 19/19 MP: 0/0
   100 | D:1      | Reached XP level 2. HP: 20/27 MP: 1/1
   674 | D:1      | Reached XP level 3. HP: 33/33 MP: 2/2
  1090 | D:2      | Noticed Natasha
  1100 | D:2      | Killed Natasha
  1100 | D:2      | Reached skill level 3 in Long Blades
  1113 | D:2      | Reached XP level 4. HP: 10/40 MP: 3/3
  1118 | D:2      | Reached skill level 4 in Long Blades
  1732 | D:2      | Reached XP level 5. HP: 44/46 MP: 4/4
  1801 | D:2      | Noticed Natasha
  1816 | D:2      | Killed Natasha
  1861 | D:2      | Reached skill level 5 in Long Blades
  1943 | D:2      | Noticed Natasha
  1953 | D:2      | Killed Natasha
  2448 | D:3      | Reached XP level 6. HP: 53/53 MP: 5/5
  2579 | D:3      | Reached skill level 5 in Armour
  2660 | D:3      | Reached skill level 5 in Shields
  2723 | D:3      | Reached skill level 1 in Dodging
  2798 | D:3      | Reached skill level 6 in Long Blades
  2861 | D:3      | Found a burning altar of Makhleb.
  3122 | D:4      | Noticed Grinder
  3125 | D:4      | Paralysed by Grinder for 4 turns
  3129 | D:4      | Found a staircase to the Ecumenical Temple.
  3140 | D:4      | Paralysed by Grinder for 3 turns
  3147 | D:4      | Mangled by an ogre

Skill      XL: |  1  2  3  4  5  6 |
---------------+-------------------+-----
Armour         | 4 5 |  5.0
Shields        | 4 5 |  5.4
Long Blades    | 3 4 5 6 |  6.2
Fighting       | 4 |  4.6
Dodging        | 1 |  1.2

Action                   |  1- 3 |  4- 6 || total
-------------------------+-------+-------++-------
Melee: Long sword        |    72 |   175 ||   247
       Headbutt          |    10 |    31 ||    41
  Use: Scroll            |       |     9 ||     9
       Potion            |       |     2 ||     2
  Eat: Chunk             |     1 |     1 ||     2
       Royal jelly       |     1 |       ||     1
       Fruit             |       |     1 ||     1
       Meat ration       |       |     1 ||     1
Armor: Scale mail        |    20 |       ||    20
       Chain mail        |     7 |    83 ||    90
Dodge: Dodged            |    16 |    45 ||    61
Block: Shield            |    44 |   106 ||   150
       Rpst.: Long sword |     4 |    13 ||    17
